 Dungeon Crawl Stone Soup version 0.23.2-1-ga50397a (webtiles) character file.

Game seed: 7626575238742087889

4453 MalarOregon the Nimble (level 10, 0/80 HPs)
             Began as a Merfolk Wizard on May 23, 2019.
             Was a Believer of Kikubaaqudgha.
             Succumbed to a scorpion's poison
             ... on level 9 of the Dungeon.
             The game lasted 00:51:38 (16549 turns).

MalarOregon the Nimble (Merfolk Wizard)            Turns: 16549, Time: 00:51:39

Health: 0/80       AC: -2    Str:  7    XL:     10   Next: 37%
Magic:  3/21       EV: 18    Int: 20    God:    Kikubaaqudgha [**....]
Gold:   368        SH:  0    Dex: 14    Spells: 11/23 levels left

rFire    + . .     SeeInvis .   p - staff of conjuration {!a}
rCold    + . .     Gourm    .   (no shield)
rNeg     . . .     Faith    .   a - +0 robe
rPois    .         Spirit   .   j - +1 helmet
rElec    .         Reflect  .   (no cloak)
rCorr    .         Harm     .   (no gloves)
MR       .....                  (no boots)
Stlth    ++........             s - amulet of magic regeneration
HPRegen  0.23/turn              o - ring of protection from cold
MPRegen  0.42/turn              i - ring of protection from fire

@: lethally poisoned (0 -> -2), corroded, very slightly contaminated
A: change form in water, swift swim, stealthy swim, yellow scales 1, MP-powered
wands
a: Receive Corpses, Renounce Religion


You were on level 9 of the Dungeon.
You worshipped Kikubaaqudgha.
Kikubaaqudgha was pleased with you.
You were near starving.

You visited 2 branches of the dungeon, and saw 10 of its levels.
You also visited: Sewer.

You collected 368 gold pieces.

Inventory:

Missiles
 E - 11 arrows (quivered)
Armour
 a - a +0 robe (worn)
 j - a +1 helmet (worn)
   (You found it on level 1 of the Dungeon)
 H - a +0 shield
   (You found it on level 6 of the Dungeon)
Magical Staves
 p - an uncursed staff of conjuration (weapon) {!a}
   (You found it in a sewer)
 B - an uncursed staff of power {unknown}
   (You found it on level 8 of the Dungeon)
Jewellery
 i - a ring of protection from fire (right hand)
   (You found it on level 5 of the Dungeon)
 o - a ring of protection from cold (left hand)
   (You took it off a hobgoblin on level 3 of the Dungeon)
 s - an amulet of magic regeneration (around neck)
   (You found it on level 3 of the Dungeon)
 I - a +4 ring of dexterity
   (You found it on level 9 of the Dungeon)
Wands
 c - a wand of disintegration (5)
   (You found it on level 3 of the Dungeon)
 t - a wand of flame (34)
   (You found it on level 5 of the Dungeon)
 x - a wand of acid (15)
   (You found it on level 4 of the Dungeon)
Scrolls
 f - a scroll of amnesia
 g - 3 scrolls of remove curse {@r2}
 q - 5 scrolls of blinking
 y - a scroll of fog
 z - 2 scrolls of enchant armour
 A - 3 scrolls of teleportation {@r4}
 F - 2 scrolls of immolation {!r}
 J - a scroll of magic mapping
Potions
 b - a potion of flight
 d - 7 potions of curing {@q1}
 l - 3 potions of mutation {!q}
 n - 4 potions of agility
 r - 3 potions of haste {@q3}
 u - 4 potions of might
 v - a potion of heal wounds {@q2}
 w - 3 potions of brilliance
 C - a potion of resistance
 D - a potion of lignification {!q}
Comestibles
 e - 11 rations {!d}


   Skills:
 + Level 8.1 Fighting
 + Level 10.0 Dodging
 - Level 2.1 Stealth
 + Level 7.4 Spellcasting
 - Level 2.0 Conjurations
 - Level 4.0 Summonings
 - Level 2.0 Necromancy
 - Level 1.0 Translocations
 - Level 4.0 Transmutations
 - Level 2.0 Air Magic
 - Level 2.0 Poison Magic


You had 11 spell levels left.
You knew the following spells:

 Your Spells              Type           Power        Failure   Level  Hunger
b - Blink                 Tloc           N/A          9%          2    None
f - Mephitic Cloud        Conj/Pois/Air  ###.....     12%         3    #......
q - Vampiric Draining     Necr           ###.......   12%         3    #......
s - Sticks to Snakes      Tmut           ###.....     2%          2    None
x - Call Imp              Summ           ###.....     2%          2    None

Your spell library contained the following spells:

 Spells                   Type           Power        Failure   Level  Hunger
 Beastly Appendage        Tmut           ###...       1%          1    None
 Pain                     Necr           ###.         3%          1    None
 Magic Dart               Conj           ###.         4%          1    None
 Corpse Rot               Necr           N/A          6%          2    None
 Sublimation of Blood     Necr           ###.......   6%          2    None
 Spider Form              Tmut/Pois      ###.......   8%          3    #......
 Slow                     Hex            #.......     14%         2    None
 Conjure Flame            Conj/Fire      ###.....     19%         3    #......
 Ice Form                 Ice/Tmut       ###.....     36%         4    ###....
 Blade Hands              Tmut           ###.......   43%         5    #####..


Dungeon Overview and Level Annotations

Branches:
Dungeon (9/15)             Temple (1/1) D:7
   Lair: D:8-11         Orc: D:9-12

Altars:
Ashenzari
Cheibriados
Dithmenos
Elyvilon
Fedhas
Gozag
Hepliaklqana
Kikubaaqudgha
Makhleb
Nemelex Xobeh
Okawaru
Qazlal
Ru
Sif Muna
Trog
Uskayaw
Vehumet
Wu Jian
Xom
Yredelemnul
Zin
The Shining One
Lugonu

Shops:
D:8 (%


Innate Abilities, Weirdness & Mutations

You revert to your normal form in water You are very nimble and swift while swimming.
You are very stealthy in the water. (Stealth+)
You are partially covered in yellow scales. (AC +2)
You expend magic power (3 MP) to strengthen your wands.


Message History

The scorpion closely misses you.
Aim: a scorpion (moderately wounded)
You feel life coursing into your body.
Your crimson imp hits the acid dragon but does no damage.
The scorpion stings you.
* * * LOW HITPOINT WARNING * * *
You are poisoned.
The scorpion poisons you!
Okay, then.
As you read the scroll of teleportation {@r4}, it crumbles to dust.
You feel strangely unstable.
You feel sick. The acid dragon barely misses you.
The acid dragon closely misses you.
Your white imp closely misses the acid dragon.
Your crimson imp barely misses the acid dragon.
The scorpion stings you.
* * * LOW HITPOINT WARNING * * *
Aim: a scorpion (severely wounded)
You miscast Vampiric Draining.
Nothing appears to happen.
You feel sick. The acid dragon misses you. The acid dragon closely misses you.
Your white imp hits the acid dragon but does no damage.
The gnoll throws a stone.
The stone closely misses your white imp.
The stone hits the scorpion.
Your crimson imp hits the acid dragon.
The scorpion closely misses you.
Unknown command.
Aim: a scorpion (almost dead)
You kill the scorpion!
Kikubaaqudgha accepts your kill.
You feel life coursing into your body.
You feel sick. The acid dragon spits acid at you. The splash of acid hits you!
* * * LOW HITPOINT WARNING * * *
The acid corrodes you!
You are splashed with acid!
* * * LOW HITPOINT WARNING * * *
Your white imp hits the acid dragon.
Your white imp freezes the acid dragon.
The gnoll throws a stone.
The stone barely misses your white imp. The stone barely misses you.
Your crimson imp blinks!
Unknown command.
Okay, then.
A four-headed hydra comes into view.
The acid dragon bites your white imp!
The acid dragon claws your white imp but does no damage.
The gnoll hits your white imp with a +0 halberd!
Your white imp dies!
The four-headed hydra moves out of view.
The yak bellows!
Your surroundings suddenly seem different.
You die...
Kikubaaqudgha rasps: "You have failed me!
Welcome... death!"

###.#########
......%$....#
...H........#
............#
.....>......#
............#
.......)....#
####'#
.......@....#
.)....
#a###########
...... #...##
# .# #


You could see a hippogriff (wandering) and a soldier ant (wandering).

Vanquished Creatures
  A deep elf mage (D:9)
  Menkaure (D:6)
  An acid dragon (D:9)
  A necrophage (D:8)
  2 phantoms
  A boggart (D:9)
  3 wolves (D:8)
  Blork the orc (D:6)
  4 bullfrogs
  A wyvern skeleton (D:8)
  A scorpion (D:9)
  A water moccasin skeleton (D:9)
  3 killer bees (D:6)
  A crimson imp (D:7)
  A bullfrog zombie (D:5)
  A jelly (D:9)
  An orc priest (D:9)
  A bullfrog skeleton (D:8)
  6 hounds
  An iguana (D:4)
  6 worker ants
  3 orc wizards
  A bullfrog simulacrum (D:8)
  2 hound skeletons (D:4)
  A killer bee simulacrum (D:8)
  A howler monkey zombie (D:5)
  12 adders
  3 river rats (Sewer)
  5 white imps
  An ufetubus (D:8)
  An ooze (D:3)
  2 adder skeletons
  A worm (D:3)
  A dart slug (D:1)
  5 leopard geckos
  8 orcs
  4 ball pythons
  5 giant cockroaches
  7 goblins
  4 hobgoblins
  2 jackals (D:1)
  7 kobolds
  3 quokkas
  10 bats
  6 frilled lizards
  A quokka zombie (D:5)
  21 rats
156 creatures vanquished.

Vanquished Creatures (collateral kills)
  A two-headed ogre (D:8)
  2 hippogriffs
  2 yaks (D:8)
  An acid dragon (D:9)
  A black bear (D:6)
  3 ice beasts
  A sky beast (D:7)
  An orc warrior (D:9)
  3 ogres
  A centaur (D:5)
  2 bullfrogs (Sewer)
  2 big kobolds (D:8)
  2 scorpions (D:8)
  A killer bee (D:6)
  2 quasits
  A hound (D:9)
  An orc priest (D:8)
  An orc wizard (D:8)
  3 worker ants
  3 gnolls
  3 river rats (Sewer)
  2 adders
  A shadow imp (D:8)
  3 white imps (D:8)
  An ooze (D:2)
  2 worms (D:2)
  7 orcs
  A hobgoblin (D:1)
  3 jackals (D:3)
  4 kobolds
  10 ball pythons (Sewer)
  A frilled lizard (Sewer)
  A goblin (D:1)
  8 rats
81 creatures vanquished.

Grand Total: 237 creatures vanquished

Notes
Turn   | Place    | Note
-------+----------+-------------------------------------------
     0 | D:1      | MalarOregon the Merfolk Wizard began the quest for the Orb.
     0 | D:1      | Reached XP level 1. HP: 13/13 MP: 4/4
   215 | D:1      | Reached skill level 1 in Conjurations
   426 | D:1      | You fall through a shaft!
   517 | D:2      | Reached skill level 3 in Dodging
   517 | D:2      | Reached XP level 2. HP: 20/20 MP: 0/6
   677 | D:2      | Reached skill level 1 in Fighting
   967 | D:1      | Reached XP level 3. HP: 26/26 MP: 2/7
  1821 | D:1      | Learned a level 2 spell: Call Imp
  1825 | D:1      | Learned a level 3 spell: Mephitic Cloud
  1891 | D:1      | Learned a level 2 spell: Blink
  2967 | D:3      | Found a faded altar of an unknown god.
  2983 | D:2      | Gained mutation: You are partially covered in yellow
                  | scales. (AC +2) [potion of mutation]
  2983 | D:2      | Gained mutation: You expend magic power (3 MP) to
                  | strengthen your wands. [potion of mutation]
  2988 | D:2      | Reached XP level 4. HP: 18/32 MP: 5/9
  3571 | D:3      | Found a glowing drain.
  3645 | Sewer    | Entered a sewer
  3767 | Sewer    | Reached skill level 4 in Dodging
  3785 | Sewer    | Reached XP level 5. HP: 28/38 MP: 1/10
  4297 | Sewer    | Reached skill level 1 in Translocations
  4494 | Sewer    | Reached XP level 6. HP: 11/47 MP: 2/12
  4575 | Sewer    | Reached skill level 1 in Air Magic
  4946 | D:3      | Found a burning altar of Makhleb.
  5176 | D:3      | Found a snail-covered altar of Cheibriados.
  5465 | D:4      | Reached skill level 5 in Dodging
  5849 | D:4      | Reached XP level 7. HP: 39/52 MP: 2/13
  6966 | D:5      | Entered Level 5 of the Dungeon
  7030 | D:5      | Reached skill level 1 in Poison Magic
  7415 | D:5      | Reached skill level 6 in Dodging
  7495 | D:5      | Found a radiant altar of Vehumet.
  7495 | D:5      | Found a glowing silver altar of Zin.
  7497 | D:5      | Found a hazy altar of Hepliaklqana.
  7497 | D:5      | Found a sacrificial altar of Ru.
  7497 | D:5      | Found a hide-covered altar of Uskayaw.
  7627 | D:5      | Reached XP level 8. HP: 61/61 MP: 11/15
  7915 | D:5      | Reached skill level 5 in Spellcasting
  7932 | D:5      | Found a deep blue altar of Sif Muna.
  8493 | D:5      | Found an iron altar of Okawaru.
  8568 | D:6      | Found a shadowy altar of Dithmenos.
  8578 | D:6      | Noticed Menkaure
  8580 | D:6      | Killed Menkaure
  8580 | D:6      | Reached skill level 5 in Fighting
  8822 | D:6      | Found a sparkling altar of Nemelex Xobeh.
  8842 | D:6      | Noticed Blork the orc
  8852 | D:6      | Killed Blork the orc
  8852 | D:6      | Reached skill level 7 in Dodging
  8947 | D:6      | Learned a level 2 spell: Sticks to Snakes
 10812 | D:7      | Found a stormy altar of Qazlal.
 10825 | D:7      | Found a staircase to the Ecumenical Temple.
 10846 | D:7      | Noticed a hippogriff
 10864 | D:7      | Killed a hippogriff
 10864 | D:7      | Reached XP level 9. HP: 44/69 MP: 1/17
 10982 | Temple   | Entered the Ecumenical Temple
 11023 | Temple   | Became a worshipper of Kikubaaqudgha
 11411 | D:7      | Reached skill level 8 in Dodging
 12488 | D:8      | Noticed a polar bear
 12627 | D:8      | Found a bloodstained altar of Trog.
 12627 | D:8      | Noticed a two-headed ogre
 12790 | D:8      | Found an ornate altar of the Wu Jian Council.
 12800 | D:8      | Reached skill level 1 in Transmutations
 13096 | D:8      | Killed a two-headed ogre
 13096 | D:8      | Reached * piety under Kikubaaqudgha
 13096 | D:8      | Identified Kikubaaqudgha's Reference Book on Black Arts
                  | (Kikubaaqudgha gifted it to you on level 8 of the Dungeon)
 13096 | D:8      | Received a gift from Kikubaaqudgha
 13096 | D:8      | Reached skill level 9 in Dodging
 13096 | D:8      | Reached skill level 1 in Necromancy
 13281 | D:8      | Learned a level 3 spell: Vampiric Draining
 14034 | D:8      | Reached XP level 10. HP: 53/78 MP: 8/20
 14427 | D:8      | Found a blossoming altar of Fedhas.
 14510 | D:8      | Found Kohuuxut's Weapon Shoppe.
 14605 | D:8      | Found Geazoo's Food Shoppe.
 15741 | D:9      | Reached ** piety under Kikubaaqudgha
 15764 | D:9      | Noticed a deep elf mage
 15812 | D:9      | HP: 1/79 [something (4)]
 16292 | D:9      | Killed a deep elf mage
 16292 | D:9      | Reached skill level 10 in Dodging
 16547 | D:9      | HP: 1/80 [acid (14)]
 16548 | D:9      | Noticed a four-headed hydra
 16549 | D:9      | Succumbed to a scorpion's poison

Skill      XL: |  1  2  3  4  5  6  7  8  9 10 |
---------------+-------------------------------+-----
Conjurations   | 1 2 |  2.0
Dodging        | 3 4 5 6 7 9 10 | 10.0
Fighting       | 1 2 3 4 5 7 8 |  8.1
Translocations | 1 |  1.0
Spellcasting   | 4 5 6 7 |  7.4
Air Magic      | 1 2 |  2.0
Poison Magic   | 2 |  2.0
Summonings     | 3 4 |  4.0
Transmutations | 3 4 |  4.0
Necromancy     | 2 |  2.0
Stealth        | |  2.1

Action                   |  1- 3 |  4- 6 |  7- 9 | 10-12 || total
-------------------------+-------+-------+-------+-------++-------
Melee: Unarmed           |    52 |       |       |       ||    52
       Dagger            |       |   166 |       |       ||   166
       Tailslap          |       |     2 |       |       ||     2
       Staff             |       |    17 |    45 |   100 ||   162
 Cast: Magic Dart        |    94 |   118 |   393 |       ||   605
       Call Imp          |    12 |    26 |    68 |    61 ||   167
       Blink             |       |     1 |     3 |     1 ||     5
       Mephitic Cloud    |       |     1 |       |     3 ||     4
       Sticks to Snakes  |       |       |    71 |    14 ||    85
       Vampiric Draining |       |       |     3 |    25 ||    28
Evoke: Wand              |       |       |     7 |     5 ||    12
  Use: Potion            |     4 |     4 |       |     3 ||    11
       Scroll            |       |    12 |     5 |    10 ||    27
 Stab: Sleeping          |       |     2 |       |     4 ||     6
       Distracted        |       |     1 |     1 |     1 ||     3
       Confused          |       |       |       |     2 ||     2
  Eat: Chunk             |     6 |    11 |    18 |     3 ||    38
       Ration            |       |       |     2 |     1 ||     3
Armor: Robe              |    17 |    79 |    65 |    31 ||   192
Dodge: Dodged            |    77 |   215 |   276 |   158 ||   726
